Map: New Williamsberg

Players

CaptainT

  • Race: Zerg Zerg
  • Spawn Location: 3:00

Zem

  • Race: Zerg Zerg
  • Spawn Location: 12:00

Morthlock

  • Race: Terran Terran
  • Spawn Location: 0:00

Soundwave

  • Race: Zerg Zerg
  • League: Gold
  • Spawn Location: 9:00

Nutcracker

  • Race: Zerg Zerg
  • League: Silver
  • Spawn Location: 0:00

Andrius

  • Race: Zerg Zerg
  • Spawn Location: 6:00

VOD

Have the link to the VOD?

Description

Time

  • Played on: Nov. 18, 2015, 7:51 a.m.
  • Length: 12:13
Show
View Real Time Build Order
Export as new Build Order

CaptainT Zerg 

Build Orders: Pool First 

Get SALT Encoding   

  12  0:20  Spawning Pool  
  11  0:23  Drone  
  12  0:43  Drone x2  
  12  0:46  Overlord  
  14  1:09  Queen  
  14  1:11  Zergling x4  
  18  1:25  Extractor  
  17  1:30  Zergling x4  
  19  1:39  Drone  
  20  1:47  Hatchery  
  19  2:10  Zergling x6  
  22  2:28  Overlord  
  20  2:39  Zergling x4  
  22  2:48  Zergling x4  
  22  2:59  Queen  
  22  3:01  Zergling x2  
  25  3:26  Zergling x4  
  25  3:27  Zergling x8  
  28  3:39  Drone x3  
  27  4:03  Extractor  
  27  4:05  Extractor  
  25  4:10  Extractor  
  25  4:11  Zergling x4  
  25  4:12  Zergling x8  
  29  4:30  Overlord  
  29  4:34  Lair  
  29  4:50  Zergling x6  
  29  4:51  Zergling x2  
  33  5:01  Zergling x6  
  33  5:06  Zergling x2  
  37  5:08  Zergling x6  
  40  5:27  Drone x2  
  42  5:34  Drone  
  43  5:43  Overlord  
  41  6:08  Drone x4  
  45  6:15  Drone x2  
  47  6:35  Spire  
  47  6:38  Drone  
  45  7:08  Drone x5  
  48  7:09  Drone  
  51  8:01  Overlord x2  
  51  8:16  Metabolic Boost  
  51  8:26  Drone x2  
  53  8:27  Drone x2  
  53  8:33  Drone x6  
  61  8:37  Drone x2  
  61  8:38  Drone x4  
  67  8:55  Overlord x2  
  67  9:14  Mutalisk x5  
  67  9:15  Mutalisk  
  79  9:21  Lair  
  79  9:23  Zerg Flyer Weapons Level 1  
  79  9:27  Pneumatized Carapace  
  79  9:33  Drone x2  
  79  9:34  Drone  
  79  9:36  Drone  
  83  9:43  Overlord x2  
  83  10:13  Drone x2  
  85  10:16  Drone x2  
  85  10:17  Drone  
  88  10:25  Mutalisk x2  
  88  10:26  Mutalisk  
  88  10:27  Mutalisk x2  
  98  10:37  Overlord  
  98  10:58  Overlord x5  
  98  11:09  Hatchery  
  97  11:14  Hatchery  
  97  11:16  Extractor x2  
  94  11:19  Hatchery  
  94  11:20  Extractor  
  94  11:21  Extractor  
  94  11:23  Extractor  
  94  11:24  Extractor  
  89  11:39  Mutalisk x3  
  89  11:40  Mutalisk x3  
  101  11:55  Drone  
  101  11:58  Drone x3  
Show
View Real Time Build Order
Export as new Build Order

Zem Zerg 

Build Orders: Pool First 

Get SALT Encoding   

  12  0:01  Drone  
  13  0:08  Drone  
  14  0:15  Extractor  
  14  0:16  Drone  
  14  0:33  Spawning Pool  
  13  0:39  Drone  
  14  0:45  Overlord  
  14  1:12  Drone x3  
  17  1:19  Metabolic Boost  
  17  1:25  Queen  
  19  1:35  Overlord  
  19  1:38  Drone  
  20  2:04  Zergling x4  
  22  2:10  Hatchery, Zergling x2  
  22  2:28  Zergling x4  
  24  2:38  Zergling x6  
  27  2:51  Drone  
  27  2:52  Drone  
  29  3:11  Overlord  
  29  3:12  Overlord x3  
  25  3:44  Zergling x12  
  31  3:51  Extractor  
  31  3:54  Baneling Nest, Queen  
  31  4:10  Drone  
  31  4:11  Drone x3  
  35  4:17  Drone x3  
  31  4:55  Lair  
  28  5:00  Drone  
  28  5:01  Drone x5  
  34  5:13  Zergling x4  
  36  5:43  Drone  
  36  5:44  Drone x7  
  36  5:47  Extractor  
  36  5:48  Extractor  
  42  5:57  Hatchery, Spire  
  41  5:59  Hatchery  
  39  6:19  Drone x3  
  39  6:20  Drone x5  
  47  6:35  Overlord x5  
  47  7:10  Mutalisk  
  47  7:11  Mutalisk x8  
  65  7:16  Zerg Flyer Weapons Level 1  
  65  7:18  Mutalisk  
  67  7:27  Drone  
  67  7:28  Drone x4  
  72  7:56  Baneling x2  
  72  7:57  Baneling x2  
  70  8:36  Mutalisk x6  
  70  8:37  Mutalisk x2  
  70  8:39  Overlord x4  
  86  8:47  Drone, Extractor  
  86  8:48  Extractor, Queen  
  86  8:49  Queen  
  89  9:01  Mutalisk x3  
  95  9:17  Mutalisk  
  95  9:18  Mutalisk  
  99  9:28  Mutalisk  
  101  9:41  Mutalisk  
  101  9:42  Mutalisk  
  101  9:43  Drone  
  101  9:44  Drone x12  
  118  10:19  Extractor  
  117  10:23  Extractor  
  106  10:37  Mutalisk x5  
  106  10:38  Mutalisk  
  116  10:50  Mutalisk x2  
  108  11:03  Mutalisk x2  
  102  11:25  Mutalisk x3  
Show
View Real Time Build Order
Export as new Build Order

Morthlock Terran 

Build Orders: 1/1/1 

Get SALT Encoding   

  12  0:03  SCV  
  13  0:15  SCV  
  14  0:22  Supply Depot  
  14  0:27  SCV  
  15  0:33  Refinery  
  15  0:43  SCV  
  15  0:45  Barracks  
  16  0:55  SCV  
  17  1:07  SCV  
  18  1:12  Refinery  
  18  1:19  SCV  
  19  1:31  Supply Depot  
  19  1:33  Orbital Command  
  19  1:42  Factory  
  19  1:46  Marine  
  20  1:59  SCV  
  21  2:04  Marine  
  22  2:12  SCV  
  23  2:24  SCV  
  23  2:26  Starport  
  23  2:28  Marine  
  25  2:36  SCV  
  26  2:37  Factory Reactor  
  26  2:40  Supply Depot  
  26  2:48  SCV  
  27  2:51  Marine  
  28  3:00  SCV  
  28  3:03  Supply Depot, Starport  
  29  3:12  SCV  
  30  3:24  SCV  
  31  3:45  Starport Tech Lab  
  31  3:46  Starport Tech Lab  
  31  3:49  Barracks Reactor  
  31  3:58  Widow Mine x2  
  35  4:05  Banshee x2  
  41  4:12  Command Center  
  41  4:22  Supply Depot  
  41  4:24  Supply Depot  
  41  4:26  Marine x2  
  43  4:37  Cloaking Field  
  43  4:45  Supply Depot  
  43  4:46  SCV  
  43  4:47  Marine x2  
  43  4:48  Viking, Widow Mine x2  
  52  4:57  Banshee  
  52  4:58  SCV  
  56  5:50  Banshee x2  
  56  6:11  Marine  
  56  6:12  Widow Mine x2, Marine  
  62  6:33  Banshee x2  
  62  6:34  Orbital Command  
  68  6:41  SCV  
  69  6:52  Marine  
  69  6:53  SCV, Marine  
  72  7:01  Command Center, Barracks  
  72  7:03  Hellion x2  
  72  7:04  Barracks  
  72  7:05  Barracks  
  72  7:06  SCV x2  
  78  7:18  SCV x2  
  80  7:24  Hellion  
  82  7:30  SCV  
  83  7:50  Refinery  
  83  7:51  Refinery  
  83  7:54  Engineering Bay  
  83  8:11  Barracks Reactor, Barracks Tech Lab  
  83  8:12  Barracks Reactor  
  83  8:21  Engineering Bay  
  83  8:24  Factory Reactor  
  83  8:32  Stimpack  
  83  8:36  Orbital Command  
  83  8:46  SCV x2  
  85  8:54  Marine x7  
  92  8:57  Medivac x2  
  92  8:58  SCV x2  
  92  9:00  Medivac  
  100  9:10  SCV  
  101  9:19  Supply Depot  
  101  9:20  Supply Depot  
  101  9:21  Supply Depot  
  101  9:22  Supply Depot  
  101  9:24  Terran Infantry Weapons Level 1, Supply Depot  
  101  9:25  Terran Infantry Armor Level 1  
  101  9:38  Missile Turret  
  101  9:40  SCV x2, Marine x6  
  101  9:41  Marine, Widow Mine x2  
  101  9:42  Medivac x3  
  101  9:43  Supply Depot  
  120  9:46  Supply Depot  
  120  9:48  Supply Depot  
  120  9:53  SCV x2  
  120  9:58  Marine x3  
  120  9:59  Missile Turret, Marine  
  126  10:01  Marine x3  
  126  10:05  SCV  
  130  10:16  Marine x3  
  130  10:17  Marine  
  130  10:18  Marine  
  130  10:19  Missile Turret, Marine x2  
  130  10:20  Supply Depot  
  137  10:21  Supply Depot  
  137  10:34  Marine x2  
  139  10:44  Supply Depot  
  139  10:46  Supply Depot  
  139  10:47  Marine x4  
  139  10:48  Marine  
  144  10:51  Marine x2  
  146  11:05  Marine x5  
  146  11:08  Supply Depot  
  146  11:09  Marine x2  
  146  11:10  Supply Depot  
  153  11:17  Widow Mine x2  
  154  11:23  Marine x5  
  152  11:27  Marine x2  
  152  11:30  Supply Depot  
  131  11:40  Marine  
  131  11:41  Marine x3  
  131  11:42  Marauder  
  131  11:45  Marine  
  131  11:54  Marine  
Show
View Real Time Build Order
Export as new Build Order

Soundwave Zerg 

Build Orders: Hatch First 

Get SALT Encoding   

  12  0:01  Drone  
  13  0:08  Drone  
  14  0:18  Extractor x2  
  14  0:19  Drone  
  13  0:22  Drone  
  16  0:49  Hatchery  
  15  1:01  Spawning Pool  
  14  1:04  Overlord  
  14  1:13  Extractor  
  14  1:14  Drone  
  14  1:23  Drone x2  
  16  1:38  Drone x2  
  18  1:49  Queen  
  18  1:53  Overlord  
  20  2:01  Queen  
  20  2:06  Drone x2  
  24  2:14  Metabolic Boost  
  24  2:17  Drone  
  24  2:20  Drone  
  26  2:23  Drone  
  27  2:48  Drone x4  
  27  2:49  Drone  
  32  2:54  Queen  
  34  3:11  Zergling x4  
  36  3:19  Zergling x8  
  36  3:20  Zergling x6  
  29  3:28  Drone  
  28  3:40  Zergling x6  
  28  3:41  Zergling x4  
  33  3:52  Drone x2  
  35  4:04  Drone  
  35  4:08  Overlord  
  36  4:28  Zergling x14  
  36  4:29  Zergling x2  
  44  4:39  Extractor  
  44  4:43  Drone  
  44  4:45  Overlord x2  
  44  5:07  Queen  
  44  5:09  Drone x6  
  52  5:18  Lair  
  52  5:28  Drone x3  
  55  5:35  Overlord  
  55  5:53  Queen  
  57  6:19  Drone x2, Extractor  
  57  6:20  Drone  
  57  6:25  Drone  
  60  6:35  Overlord, Hydralisk Den  
  60  6:36  Overlord x3  
  60  6:37  Overseer  
  59  6:53  Queen  
  61  7:07  Drone x3  
  64  7:10  Muscular Augments  
  64  7:14  Drone x2  
  64  7:15  Drone x8, Extractor  
  73  7:29  Hatchery, Drone x4  
  77  7:30  Drone  
  73  8:11  Spore Crawler  
  72  8:14  Spore Crawler  
  72  8:19  Spore Crawler  
  70  8:31  Queen x2  
  74  8:55  Hydralisk  
  74  8:56  Hydralisk x7  
  74  8:59  Overlord x2  
  74  9:00  Overlord x7  
  90  9:06  Spore Crawler x2  
  90  9:07  Queen  
  90  9:10  Spore Crawler x2  
  88  9:20  Hydralisk x4  
  88  9:21  Hydralisk x2  
  100  9:37  Evolution Chamber  
  99  10:11  Extractor  
  99  10:12  Hatchery  
  97  10:14  Extractor  
  96  10:24  Hydralisk x2  
  96  10:25  Hydralisk x7  
  96  10:26  Hydralisk x3  
  100  10:51  Hydralisk x3  
  100  10:52  Hydralisk  
  100  11:02  Drone x2  
  100  11:03  Drone x2  
  95  11:27  Zergling x4  
  95  11:28  Zergling x4  
  75  11:36  Drone x2  
  75  11:37  Drone  
Show
View Real Time Build Order
Export as new Build Order

Nutcracker Zerg 

Build Orders: Hatch First 

Get SALT Encoding   

  12  0:02  Drone  
  13  0:11  Drone  
  14  0:16  Overlord  
  14  0:35  Drone  
  15  0:41  Drone  
  16  0:47  Drone  
  16  0:48  Drone  
  18  1:02  Hatchery  
  17  1:07  Extractor  
  16  1:22  Drone x3  
  19  1:28  Extractor  
  18  1:40  Drone  
  19  1:51  Spawning Pool  
  19  1:52  Drone  
  19  1:54  Evolution Chamber  
  18  1:55  Drone  
  19  2:07  Drone  
  20  2:23  Drone x2  
  22  2:38  Queen  
  22  2:40  Drone x2  
  26  2:46  Extractor  
  25  2:52  Queen  
  25  2:58  Metabolic Boost  
  27  3:05  Drone  
  28  3:07  Overlord  
  28  3:40  Zergling x4  
  28  3:41  Zergling x2  
  31  3:47  Drone x3  
  34  3:55  Zergling x4  
  36  4:08  Overlord x2  
  34  4:42  Drone x5  
  39  4:46  Drone x4  
  39  4:47  Drone x3  
  46  4:58  Drone x2  
  42  5:07  Spore Crawler  
  42  5:09  Spore Crawler  
  37  5:19  Queen  
  37  5:22  Drone x2  
  39  5:29  Spore Crawler  
  39  5:34  Spore Crawler x2  
  36  5:35  Spore Crawler  
  36  5:36  Spore Crawler  
  36  5:37  Spore Crawler x2  
  31  6:01  Spore Crawler  
  27  6:05  Drone x4  
  27  6:06  Spore Crawler  
  30  6:13  Hatchery  
  30  6:14  Lair  
  29  6:36  Extractor  
  27  6:50  Drone x3  
  30  7:04  Drone x3  
  30  7:05  Drone x3  
  30  7:08  Zerg Melee Weapons Level 1  
  36  7:19  Queen  
  38  7:37  Hatchery  
  37  7:52  Roach Warren  
  37  7:55  Queen  
  37  7:56  Drone x4  
  37  7:57  Drone  
  43  7:58  Spire  
  40  8:29  Drone x3  
  43  8:38  Spore Crawler  
  43  8:40  Drone x3  
  45  8:41  Spore Crawler  
  45  8:42  Spore Crawler  
  45  8:43  Drone x6  
  49  8:50  Drone  
  50  9:12  Extractor  
  46  9:47  Hatchery  
  46  9:49  Spire  
  46  9:51  Drone x3  
  47  9:55  Overlord  
  47  9:56  Overlord x3  
  47  10:29  Extractor  
  47  10:31  Extractor  
  45  10:44  Overlord  
  45  10:45  Overlord x2  
  45  11:00  Lair  
  45  11:18  Mutalisk x2, Roach  
  45  11:20  Mutalisk  
  45  11:21  Mutalisk x2  
  45  11:38  Drone x3  
  43  11:45  Drone  
  43  11:46  Drone x5  
Show
View Real Time Build Order
Export as new Build Order

Andrius Zerg 

Build Orders: Pool First 

Get SALT Encoding   

  12  0:05  Drone  
  13  0:13  Drone  
  14  0:20  Overlord  
  14  0:36  Spawning Pool  
  14  0:37  Drone  
  14  0:45  Drone x2  
  16  0:50  Drone  
  17  1:00  Drone  
  18  1:06  Extractor  
  18  1:07  Extractor  
  18  1:11  Drone  
  17  1:38  Hatchery  
  16  1:48  Drone  
  16  1:49  Drone x2  
  16  1:50  Queen  
  21  2:01  Overlord  
  21  2:15  Drone  
  22  2:25  Zergling x2  
  22  2:26  Queen  
  25  2:32  Zergling x2  
  26  2:48  Zergling x2  
  27  2:52  Zergling x2  
  27  2:56  Zergling x2  
  29  3:20  Drone x2  
  29  3:31  Zergling x2  
  29  3:32  Zergling x8  
  34  3:44  Metabolic Boost  
  34  3:45  Lair  
  34  4:03  Drone  
  34  4:05  Overlord x5  
  31  4:24  Zergling x2  
  31  4:25  Zergling x6  
  35  4:38  Drone x5  
  40  4:57  Spine Crawler x2  
  40  4:58  Spore Crawler  
  37  5:00  Drone  
  37  5:01  Drone x3  
  41  5:13  Spine Crawler  
  40  5:14  Spine Crawler  
  40  5:20  Spore Crawler  
  38  5:29  Hydralisk Den  
  37  5:45  Overlord  
  37  5:47  Drone x4  
  37  5:48  Drone  
  42  5:57  Hydralisk  
  42  6:00  Hydralisk  
  46  6:35  Drone, Extractor  
  46  6:36  Drone x10  
  46  6:37  Extractor  
  55  7:00  Hydralisk x4  
  63  7:12  Drone x3  
  63  7:13  Drone  
  67  7:21  Spire  
  66  7:28  Drone x2  
  66  7:29  Drone x3  
  71  7:35  Overlord  
  71  7:36  Overlord  
  71  7:38  Drone  
  72  7:50  Muscular Augments  
  72  8:02  Hatchery  
  71  8:14  Infestation Pit  
  70  8:20  Drone  
  70  8:21  Drone x9  
  80  8:43  Zerg Flyer Weapons Level 1  
  80  9:00  Spire  
  79  9:06  Hive  
  79  9:10  Drone  
  79  9:11  Drone x10, Spine Crawler  
  79  9:12  Spore Crawler  
  88  9:26  Extractor  
  88  9:28  Extractor  
  88  9:29  Spore Crawler  
  85  9:31  Spine Crawler  
  85  9:32  Spine Crawler  
  83  9:52  Hatchery, Extractor  
  81  9:56  Extractor  
  81  9:58  Drone  
  81  9:59  Drone x11  
  92  10:00  Drone  
  93  10:17  Zerg Flyer Armor Level 1  
  93  10:27  Lurker Den  
  93  10:33  Hydralisk  
  93  10:34  Hydralisk  
  97  10:36  Overlord x3  
  97  10:44  Overlord  
  97  10:45  Overlord  
  80  11:19  Mutalisk  
  80  11:20  Mutalisk x13  
  96  11:27  Zergling x4  
  98  11:38  Mutalisk x4  
  106  11:44  Hydralisk  
  106  11:45  Hydralisk x2  
  112  11:49  Spore Crawler  
  112  11:51  Spore Crawler  
Tags
 
Add a new tag
Caveats
  • Supply blocks, unpowered buildings, or Contaminate may cause inaccurate times.
  • Supply counts are checked every 10 seconds.